 Dungeon Crawl Stone Soup version 0.20.1-1-g8b1a95d (webtiles) character file.

64 dohliylev the Sneak (level 3, -3/24 HPs)
             Began as a Vampire Enchanter on Dec 19, 2017.
             Killed from afar by Sigmund (10 damage)
             ... with a puff of flame
             ... on level 2 of the Dungeon.
             The game lasted 00:08:16 (2710 turns).

dohliylev the Sneak (Vampire Enchanter)             Turns: 2710, Time: 00:08:17

Health: -3/24      AC:  2    Str:  5 (7)  XL:     3   Next: 91%
Magic:  1/6        EV: 12    Int: 21 (22) God:
Gold:   105        SH:  0    Dex: 13 (14) Spells: 0/6 levels left

rFire    . . .     SeeInvis +   a - +1 dagger
rCold    + . .     Gourm    .   (no shield)
rNeg     + + .     Faith    .   b - +0 robe
rPois    +         Spirit   .   (no helmet)
rElec    .         Reflect  .   (no cloak)
rCorr    .         Harm     .   (no gloves)
MR       +....                  (no boots)
Stlth    +++++.....             (no amulet)
Regen    0.1/turn               h - ring of protection from magic
MPRegen  0.1/turn               j - +4 ring of intelligence

@: regenerating slowly
A: fangs 3, see invisible, unbreathing
a: Bat Form


You were on level 2 of the Dungeon.
You were thirsty.

You visited 1 branch of the dungeon, and saw 2 of its levels.

You collected 105 gold pieces.

Inventory:

Hand Weapons
 a - a +1 dagger (weapon)
Armour
 b - a +0 robe (worn)
Jewellery
 h - a ring of protection from magic (left hand)
 j - a +4 ring of intelligence (right hand)
Scrolls
 e - a scroll of random uselessness {unknown}
 f - 4 scrolls of identify {unknown}
 g - a scroll of noise {unknown}
 k - a scroll of magic mapping {unknown}
 l - a scroll of remove curse {unknown}
 m - 2 scrolls of fog {unknown}
 n - a scroll of fear {unknown}
 o - a scroll of teleportation {unknown}
 p - a scroll of amnesia {unknown}
Potions
 d - 7 potions of blood
 i - a potion of agility
 q - a potion of flight {unknown}
Books
 c - a book of Maledictions

   Spells                             Type                      Level
   a - Corona                         Hexes                        1
   b - Ensorcelled Hibernation        Hexes/Ice                    2
   c - Confuse                        Hexes                        3
   d - Tukima's Dance                 Hexes                        3
   e - Dazzling Spray                 Conjuration/Hexes            3


   Skills:
 - Level 1.1 Short Blades
 - Level 2.1 Dodging
 + Level 7.5 Stealth
 - Level 2.0 Spellcasting
 - Level 4.4 Hexes


You couldn't memorise any spells.
You knew the following spells:

 Your Spells              Type           Power        Failure   Level  Hunger
a - Corona                Hex            ###....      2%          1    #......
b - Ensorcelled Hibernat  Hex/Ice        ##....       9%          2    ##.....
c - Confuse               Hex            ###.....     7%          3    ###....


Dungeon Overview and Level Annotations

Branches:
Dungeon (2/15)

Altars:

Annotations:
D:2 Sigmund


Innate Abilities, Weirdness & Mutations

You heal slowly.
You have razor-sharp teeth.
You have supernaturally acute eyesight. (SInv)
You can survive without breathing.


Message History

Sigmund casts a spell.
Sigmund flickers and vanishes for a moment.
You bump into the rock wall.
You are feeling thirsty.
Sigmund hits you with a scythe! Sigmund barely misses you.
Sigmund closely misses you.
You feel less confused.
Casting: Ensorcelled Hibernation
Confirm with . or Enter, or press ? or * to list all spells.
Aiming: Ensorcelled Hibernation
Press: ? - help, Shift-Dir - straight line, f/p - Sigmund
Aim: Sigmund, wielding a scythe and wearing a glowing robe (severely wounded, slightly transparent, chance to defeat MR: 50%) Sigmund resists with some effort.
Sigmund completely misses you. Sigmund casts a spell at you.
The magic dart hits you!
* * * LOW HITPOINT WARNING * * *
Sigmund casts a spell at you. The puff of flame hits you!
You die...

#####
###############...###########
#...........@...@..).........
#.#############...###########
#.# ##### #.# #.# #.# #####
#.# #...######## #.#
#..........# ##### #.#
#...######.####...#


You could see Sigmund (invisible).

Vanquished Creatures
  An adder (D:2)
  A gnoll (D:1)
  2 worms (D:2)
  A dart slug (D:1)
  A ball python (D:1)
  3 giant cockroaches
  6 goblins
  8 hobgoblins
  A quokka (D:2)
  3 bats
  3 frilled lizards
  2 kobolds (D:2)
  6 rats
38 creatures vanquished.

Vanquished Creatures (others)
  An ooze (D:2)
1 creature vanquished.

Grand Total: 39 creatures vanquished

Notes
Turn   | Place    | Note
-------+----------+-------------------------------------------
     0 | D:1      | dohliylev the Vampire Enchanter began the quest for the Orb.
     0 | D:1      | Reached XP level 1. HP: 13/13 MP: 3/3
   121 | D:1      | Reached skill level 5 in Stealth
   313 | D:1      | Reached XP level 2. HP: 19/19 MP: 5/5
   317 | D:1      | Learned a level 2 spell: Ensorcelled Hibernation
   999 | D:1      | Reached skill level 6 in Stealth
  1029 | D:2      | Reached XP level 3. HP: 3/24 MP: 1/6
  1483 | D:2      | Reached skill level 7 in Stealth
  2086 | D:2      | Noticed Sigmund
  2681 | D:2      | Learned a level 3 spell: Confuse
  2710 | D:2      | Killed from afar by Sigmund

Skill      XL: |  1  2  3 |
---------------+----------+-----
Stealth        | 5 6 7 |  7.5
Short Blades   | |  1.1
Dodging        | |  2.1
Spellcasting   | |  2.0
Hexes          | |  4.4

Action                   || total
-------------------------++-------
Melee: Dagger            ||   104
       Bite              ||     4
 Cast: Corona            ||     2
       Ensorcelled Hiber ||    45
       Confuse           ||     1
 Abil: End Transformatio ||     1
       Bat Form          ||     1
  Use: Potion            ||     5
 Stab: Sleeping          ||    23
       Confused          ||     1
  Eat: Corpse            ||     8
Armor: Robe              ||    12
Dodge: Dodged            ||    67
